Map: Catalyst LE

Players

DogMan - Winner!

  • Race: Terran Terran
  • League: Master
  • Spawn Location: 5:00

JasonKnight

  • Race: Protoss Protoss
  • League: Diamond
  • Spawn Location: 11:00

VOD

Have the link to the VOD?

Description

Time

  • Played on: July 25, 2018, 9:07 p.m.
  • Length: 9:16
Show
View Real Time Build Order
Export as new Build Order

DogMan Terran - Winner!

Build Orders: MMM Bio 

Get SALT Encoding   

  12  0:00  SCV  
  13  0:13  SCV  
  14  0:17  Supply Depot  
  14  0:25  SCV  
  15  0:39  SCV  
  15  0:40  Barracks  
  16  0:44  Refinery  
  16  0:51  SCV  
  17  1:03  SCV  
  18  1:15  SCV  
  19  1:29  Orbital Command, Marine  
  20  1:45  Command Center  
  20  1:47  Barracks Tech Lab  
  20  1:55  Supply Depot  
  20  2:01  SCV  
  21  2:10  Marauder, Concussive Shells  
  23  2:17  SCV  
  24  2:24  Barracks  
  24  2:29  SCV  
  25  2:32  Marauder  
  27  2:39  Barracks  
  27  2:43  SCV  
  28  2:47  Engineering Bay  
  28  2:55  Marine  
  29  3:02  SCV, Orbital Command  
  30  3:07  Refinery  
  30  3:18  Barracks Reactor  
  30  3:19  Marine  
  31  3:20  Stimpack  
  31  3:21  SCV  
  32  3:29  Barracks Tech Lab  
  32  3:31  SCV  
  32  3:33  SCV  
  34  3:48  SCV x2  
  33  3:50  Marine x2  
  33  3:53  Factory  
  35  3:55  Terran Infantry Weapons Level 1  
  35  3:58  Marine x2  
  35  4:00  SCV  
  35  4:01  SCV  
  39  4:07  Marine  
  40  4:11  Missile Turret  
  40  4:12  SCV  
  40  4:13  Marine  
  40  4:14  Supply Depot  
  40  4:15  SCV  
  40  4:16  Marine  
  44  4:20  Marine  
  45  4:25  Combat Shields  
  45  4:27  Marine  
  46  4:35  SCV x2, Marine x2  
  46  4:36  Supply Depot  
  50  4:43  Supply Depot  
  50  4:44  Marine  
  50  4:45  Marine  
  52  4:48  SCV  
  52  4:50  Factory Reactor  
  52  4:51  Starport, SCV  
  54  4:58  Marine  
  55  5:00  SCV  
  55  5:01  Refinery  
  55  5:04  Supply Depot  
  55  5:05  Marauder  
  55  5:07  Marauder  
  60  5:11  SCV  
  60  5:12  SCV  
  62  5:19  Marine x2  
  64  5:25  SCV x2  
  64  5:27  Marauder  
  64  5:28  Marauder  
  70  5:37  SCV  
  70  5:38  SCV  
  70  5:39  Marine x2  
  70  5:40  Medivac x2  
  70  5:41  Factory Reactor  
  78  5:46  Refinery  
  78  5:54  Supply Depot  
  78  6:12  Supply Depot, Terran Infantry Armor Level 1  
  78  6:13  Command Center  
  78  6:16  Marauder x2, SCV, Marine x2  
  85  6:21  SCV  
  86  6:28  Supply Depot  
  86  6:33  SCV  
  86  6:34  Widow Mine x2  
  86  6:36  SCV  
  92  6:41  Liberator  
  92  6:45  SCV  
  92  6:47  Liberator  
  93  6:54  Marauder  
  93  6:55  Marauder  
  93  7:00  Barracks  
  93  7:01  Barracks  
  101  7:09  Supply Depot  
  86  7:27  Marine  
  86  7:28  Marauder  
  86  7:29  SCV, Widow Mine x2  
  93  7:30  SCV  
  93  7:31  Orbital Command  
  93  7:37  Engineering Bay  
  93  7:39  Armory  
  93  7:41  SCV  
  93  7:42  SCV  
  90  7:54  SCV x2  
  86  8:05  Barracks Reactor  
  84  8:06  Barracks Tech Lab  
  84  8:07  Medivac x2  
  84  8:08  Widow Mine  
  84  8:09  SCV x2, Widow Mine  
  94  8:16  Marine  
  94  8:17  Marauder x2, Marine  
  100  8:26  Orbital Command  
  100  8:27  Missile Turret  
  100  8:40  Barracks  
  100  8:42  Barracks  
  100  8:43  Barracks  
  100  8:47  Marauder  
Show
View Real Time Build Order
Export as new Build Order

JasonKnight Protoss 

Build Orders: 1 Gate Expand, Double Forge 

Get SALT Encoding   

  12  0:01  Probe  
  13  0:13  Probe  
  14  0:18  Pylon  
  14  0:25  Probe  
  15  0:35  Probe  
  15  0:39  Gateway  
  16  0:43  Probe  
  16  0:49  Assimilator  
  17  0:51  Probe  
  18  1:03  Probe  
  19  1:16  Probe  
  20  1:27  Nexus  
  20  1:38  Cybernetics Core  
  20  1:40  Probe  
  20  1:44  Assimilator  
  21  1:52  Probe  
  22  1:54  Pylon  
  22  2:04  Stalker  
  24  2:16  Warp Gate  
  24  2:29  Stalker  
  26  2:43  Twilight Council  
  26  2:44  Probe x2  
  28  2:51  Stalker  
  28  2:56  Probe x2  
  32  3:08  Probe x2  
  34  3:14  Stalker  
  32  3:25  Shield Battery  
  34  3:28  Gateway  
  34  3:31  Gateway  
  31  3:49  Probe x2  
  33  3:59  Pylon  
  33  4:01  Probe x2  
  35  4:13  Probe x2  
  37  4:19  Forge  
  37  4:21  Forge  
  37  4:25  Probe x2  
  37  4:31  Adept  
  41  4:37  Probe x2, Assimilator  
  43  4:43  Protoss Ground Weapons Level 1  
  43  4:44  Protoss Ground Armor Level 1  
  43  4:45  Stalker x2  
  45  4:49  Probe x2  
  49  4:53  Blink  
  49  5:01  Pylon  
  49  5:05  Probe x2  
  51  5:32  Stalker  
  51  5:33  Stalker  
  55  5:39  Nexus  
  55  5:47  Gateway  
  55  5:52  Gateway  
  55  5:54  Gateway  
  55  6:02  Gateway  
  55  6:04  Sentry  
  57  6:21  Probe x2  
  57  6:24  Pylon  
  59  6:26  Pylon  
  59  6:27  Pylon x2  
  59  6:38  Pylon, Stalker x2  
  62  6:44  Charge  
  62  6:50  Stalker  
  58  7:05  Stalker  
  58  7:07  Stalker  
  58  7:08  Stalker x3  
  62  7:17  Stalker  
  40  7:30  Stalker x2  
  40  7:31  Stalker x3  
  40  7:32  Stalker  
  47  7:46  Probe x2  
  43  7:51  Stalker  
  39  8:04  Probe  
  39  8:05  Probe  
  41  8:13  Robotics Facility  
  41  8:17  Probe x2  
  43  8:20  Stalker x3, Assimilator  
  43  8:21  Stalker  
  43  8:23  Pylon  
  51  8:29  Probe  
  52  8:39  Probe  
  52  8:41  Probe  
Tags
 
Add a new tag
Caveats
  • Supply blocks, unpowered buildings, or Contaminate may cause inaccurate times.
  • Supply counts are checked every 10 seconds.